 Dungeon Crawl Stone Soup version 0.15-a0-462-gf669498 (webtiles) character file.

7449 PolkaDot the Black Belt (level 10, 0/64 HPs)
             Began as a Vampire Transmuter on May 7, 2014.
             Slain by an adder (4 damage)
             ... on Level 3 of the Lair of Beasts.
             The game lasted 00:47:56 (10136 turns).

PolkaDot the Black Belt (Vampire Transmuter)       Turns: 10136, Time: 00:47:56

HP   0/64        AC 10     Str  9      XL: 10   Next: 90%
MP  16/16        EV 16     Int 18      God:
Gold 139         SH  0     Dex 14      Spells:  3 memorised,  6 levels left

rFire  . . .     SeeInvis +       - Unarmed
rCold  . . .     Clarity  .     u - +3 leather armour {rPois}
rNeg   . . .     Conserve .     (no shield)
rPois  +         rCorr    .     c - +0 helmet
rElec  .         rRot     .     g - +0 cloak (curse)
SustAb . .       Spirit   .     m - +1 pair of gloves
rMut   .         Warding  .     (no boots)
Saprov . . .     Stasis   .     (no amulet)
MR     +....                    a - +3 ring of evasion
                                l - ring of wizardry

@: regenerating very quickly, somewhat resistant to hostile enchantments, very
unstealthy
A: bottle blood, fangs 3, see invisible, unbreathing
a: Bottle Blood


You were on level 3 of the Lair of Beasts.
You were almost alive.

You visited 2 branches of the dungeon, and saw 13 of its levels.

You collected 385 gold pieces.
You spent 246 gold pieces at shops.

Inventory:

Missiles
 b - 12 arrows
Armour
 c - a +0 helmet (worn)
 g - a cursed +0 cloak (worn)
 k - a mottled dragon hide
 m - a +1 pair of gloves (worn)
 u - a +3 leather armour of poison resistance (worn)
Magical devices
 r - a wand of magic darts (12) {unknown}
Scrolls
 f - 5 scrolls of remove curse
 h - 3 scrolls of amnesia
 n - a scroll of enchant armour
 o - a scroll of immolation
 p - a scroll of magic mapping
Jewellery
 a - a +3 ring of evasion (right hand)
 l - a ring of wizardry (left hand)
Potions
 e - a potion of confusion {!q}
 j - 2 potions of magic
 q - a potion of blood {@w2}
Books
 d - a book of Changes

   Spells                             Type                      Level
   *Beastly Appendage                 Transmutation                1
   Sticks to Snakes                   Transmutation                2
   Spider Form                        Transmutation/Poison         3
   Ice Form                           Ice/Transmutation            4
   *Blade Hands                       Transmutation                5
 s - a book of Annihilations {highlevel}

   This book is beyond your current level of understanding.

   Spells                             Type                      Level
   Poison Arrow                       Conjuration/Poison           6
   Chain Lightning                    Conjuration/Air              8
   Lehudib's Crystal Spear            Conjuration/Earth            8
   Glaciate                           Conjuration/Ice              9
   Fire Storm                         Conjuration/Fire             9
 v - a book of Cantrips

   Spells                             Type                      Level
   *Confusing Touch                   Hexes                        1
   Animate Skeleton                   Necromancy                   1
   Summon Small Mammal                Summoning                    1
   Apportation                        Translocation                1


   Skills:
 - Level 0.8 Fighting
 + Level 5.9 Dodging
 - Level 15.0 Unarmed Combat
 - Level 2.0 Spellcasting
 + Level 0.4 Hexes
 * Level 8.3 Transmutations


You had 6 spell levels left.
You knew the following spells:

 Your Spells              Type           Power        Failure   Level  Hunger
a - Beastly Appendage     Trmt           ####..       1%          1    #......
b - Blade Hands           Trmt           ####......   9%          5    ######.
c - Confusing Touch       Hex            #.........   7%          1    #......


Dungeon Overview and Level Annotations

Branches:
Dungeon (11/15)            Temple (0/1) D:6            Lair (3/8) D:11
    Orc: D:9-12       Swamp: Lair:3-6    Shoals: Lair:3-6     Snake: Lair:3-6
 Spider: Lair:3-6

Altars:
Ashenzari
Okawaru
Vehumet
Xom

Shops:
D:4 !   D:5 }   D:6 *


Innate Abilities, Weirdness & Mutations

Your natural rate of healing is extremely fast.
You can bottle blood from corpses.
You have razor-sharp teeth.*
You have supernaturally acute eyesight.
You can survive without breathing.*


Message History

3 worker ants, 2 soldier ants and a queen ant come into view.
The worker ant twitches its antennae in your direction.
The queen ant twitches her antennae in your direction.
The wolf bites the yak!
The soldier ant moves out of view.
The wolf bites the yak!
A soldier ant comes into view.
The soldier ant twitches its antennae in your direction.
A worker ant comes into view.
The worker ant twitches its antennae in your direction.
The wolf misses the soldier ant.
You barely miss the soldier ant.
You feel less vulnerable to hostile enchantments.
The adder bites you.
* * * LOW HITPOINT WARNING * * *
The iguana hisses menacingly.
The adder barely misses you.
The soldier ant waves its antennae.
The iguana hisses menacingly.
The adder bites you.
You die...

#........#..# #.
##.........bh# . ..a
#P........##.#.##..a
##........##Y#..aa.a.
#.......l.##h.#a#
##......Y.##Y#.#
#.....hh..#haa#
##.....hSY##a##.#
#......@a.#..#


#aa ##........a#.# #.# #.........##.# . #.........# #.. #........## ###
##.........# #.........## #P........## ##.........# You could see 2 yaks, a
soldier ant, 3 wolves, an iguana, a worker ant and an adder.

Vanquished Creatures
  A black mamba (Lair:2)
  A komodo dragon (Lair:1)
  A spiny frog (Lair:1)
  A kobold demonologist (D:11)
  A spriggan (D:7)
  A basilisk (D:11)
  3 hippogriffs
  Eustachio (D:6)
  7 yaks
  2 water moccasins (Lair:2)
  A mottled dragon (D:11)
  A sky beast (D:5)
  A black bear (D:6)
  An orc warrior (D:6)
  4 ogres
  A centaur (D:7)
  2 crocodiles (D:11)
  Sigmund (D:6)
  A giant slug (Lair:1)
  A big kobold (D:11)
  6 giant frogs
  3 scorpions
  11 killer bees
  A goliath beetle (D:6)
  4 orc priests
  A centaur zombie (D:5)
  6 crimson imps
  9 hounds
  2 giant frog zombies
  7 orc wizards
  7 iguanas
  An elf skeleton (D:11)
  A gnoll shaman (D:6)
  Natasha (twice) (D:5)
  10 worker ants
  8 sheep (Lair:1)
  A mummy (D:11)
  6 gnolls
  11 adders
  3 shadow imps
  An inept item mimic (D:3)
  2 worms
  37 orcs
  A bat zombie (D:5)
  5 giant cockroaches
  9 goblins
  10 hobgoblins
  8 jackals (D:1)
  12 kobolds
  4 quokkas
  15 bats
  6 giant geckos
  7 giant newts
  A goblin skeleton (D:5)
  A hobgoblin skeleton (D:5)
  A hobgoblin zombie (D:7)
  12 rats
  A rat zombie (D:5)
266 creatures vanquished.

Notes
Turn   | Place    | Note
--------------------------------------------------------------
     0 | D:1      | PolkaDot, the Vampire Transmuter, began the quest for the Orb.
     0 | D:1      | Reached XP level 1. HP: 14/14 MP: 3/3
     2 | D:1      | Learned a level 1 spell: Beastly Appendage
   316 | D:1      | Reached XP level 2. HP: 17/20 MP: 4/4
   366 | D:1      | Reached skill level 4 in Unarmed Combat
  1053 | D:2      | Reached XP level 3. HP: 22/25 MP: 6/6
  1376 | D:3      | Reached skill level 5 in Unarmed Combat
  1539 | D:3      | Reached XP level 4. HP: 26/31 MP: 5/7
  2081 | D:3      | Reached skill level 6 in Unarmed Combat
  2538 | D:4      | Noticed an ogre
  2551 | D:4      | Reached XP level 5. HP: 19/36 MP: 9/9
  2750 | D:4      | Found a shimmering altar of Xom.
  2755 | D:4      | Noticed an ogre
  2761 | D:4      | Killed an ogre
  2761 | D:4      | Reached skill level 7 in Unarmed Combat
  2767 | D:4      | Reached XP level 6. HP: 7/42 MP: 10/10
  3021 | D:4      | Killed an ogre
  3021 | D:4      | Reached skill level 8 in Unarmed Combat
  3026 | D:4      | HP: 1/42 [crimson imp (2)]
  3252 | D:4      | Got a faintly glowing robe
  3253 | D:4      | Identified the cursed -4 robe of the Dice {Str+2 Dex+3 Dam+2} (You found it on level 4 of the Dungeon)
  3578 | D:4      | Found Ifysihapn's Distillery.
  3586 | D:4      | Bought a potion of heal wounds for 36 gold pieces
  3718 | D:4      | Reached XP level 7. HP: 43/47 MP: 12/12
  3923 | D:4      | Reached skill level 9 in Unarmed Combat
  4026 | D:5      | Entered Level 5 of the Dungeon
  4473 | D:5      | Noticed Natasha
  4483 | D:5      | Killed Natasha
  4483 | D:5      | Reached skill level 10 in Unarmed Combat
  4621 | D:5      | Found Maiqeos' Gadget Boutique.
  4742 | D:5      | Reached XP level 8. HP: 48/53 MP: 13/13
  4977 | D:5      | Noticed Natasha
  5005 | D:5      | Killed Natasha
  5266 | D:6      | Reached skill level 11 in Unarmed Combat
  5309 | D:6      | Noticed Sigmund
  5325 | D:6      | Killed Sigmund
  5462 | D:6      | Found Shrasmiv's General Store.
  5714 | D:6      | Found a staircase to the Ecumenical Temple.
  5797 | D:6      | Noticed Eustachio
  5816 | D:6      | Reached skill level 12 in Unarmed Combat
  5819 | D:6      | Killed Eustachio
  6651 | D:6      | Bought a +3 leather armour of poison resistance for 210 gold pieces
  6685 | D:6      | Reached XP level 9. HP: 33/58 MP: 14/14
  6904 | D:7      | Reached skill level 13 in Unarmed Combat
  6969 | D:7      | Found an iron altar of Okawaru.
  7517 | D:7      | Reached skill level 14 in Unarmed Combat
  8398 | D:8      | You fall through a shaft for 3 floors!
  8398 | D:11     | Noticed a kobold demonologist
  8414 | D:11     | Noticed a hellwing
  8421 | D:11     | Killed a kobold demonologist
  8613 | D:11     | Reached skill level 15 in Unarmed Combat
  8652 | D:10     | Entered Level 10 of the Dungeon
  8654 | D:10     | Noticed a cyclops
  8697 | D:11     | Noticed a six-headed hydra
  8839 | D:11     | Reached XP level 10. HP: 46/64 MP: 14/16
  8857 | D:11     | Found a shattered altar of Ashenzari.
  8992 | D:11     | Reached skill level 5 in Transmutations
  9124 | D:10     | Noticed a hill giant
  9149 | D:10     | Found a radiant altar of Vehumet.
  9253 | D:11     | Found a staircase to the Lair.
  9414 | Lair:1   | Entered Level 1 of the Lair of Beasts
  9433 | Lair:1   | Learned a level 5 spell: Blade Hands
  9496 | Lair:1   | Reached skill level 5 in Dodging
  9915 | Lair:2   | Noticed a black mamba
  9935 | Lair:2   | Killed a black mamba
  9954 | Lair:2   | Learned a level 1 spell: Confusing Touch
 10071 | Lair:2   | Noticed a five-headed hydra
 10120 | Lair:3   | HP: 1/64 [wolf (4)]
 10135 | Lair:3   | HP: 3/64 [adder (3)]
 10136 | Lair:3   | Slain by an adder

Action                   |  1- 3 |  4- 6 |  7- 9 | 10-12 || total
-------------------------+-------+-------+-------+-------++-------
Melee: Unarmed           |   165 |   118 |   478 |   262 ||  1023
 Cast: Beastly Appendage |    15 |     8 |    42 |    15 ||    80
       Blade Hands       |       |       |       |     5 ||     5
       Confusing Touch   |       |       |       |     3 ||     3
 Abil: Bottle Blood      |       |       |       |    10 ||    10
  Use: Potion            |     1 |     1 |     6 |    11 ||    19
       Scroll            |       |     7 |    12 |     5 ||    24
 Stab: Sleeping          |       |     1 |     3 |       ||     4
       Invisible         |       |       |     5 |     3 ||     8
       Confused          |       |       |       |     1 ||     1
